AoeStats
← chocksidewalk

Pilgrims

510220234Analyzed
4v4 RM · 3d ago on Sep 30, 2026· 26m 42s· 8 players
Game mode
Random Map
Map size
Large (8 player)
Population
200
Speed
Normal
Resources
Standard
Victory
Conquest
Starting age
Dark Age
Ending age
Imperial Age
RankedLock teamsTeams togetherTeam positionsShared explorationLock speedFull tech treeHidden civsTurbo modeCheats
Victory
Defeat
🇺🇸 Danes · United States
1148
+12
🇺🇸 Hindustanis · United States
1142
+12
🇺🇸 Varangians · United States
1128
+13
🇺🇸 Saxons · United States
957
+21
🇮🇳 Poles · India
1112
-17
🇦🇺 Persians · Australia
1063
-15
🇨🇳 Huns · China
1052
-14
🇨🇳 Franks · China
1010
-12
shuai81_1027
7:56 Loom
9:46 Loom
12:27 Feudal Age
21:48 Castle Age
21:11 Bloodlines
20:52 Double-Bit Axe
20:50 Horse Collar
22:36 Forging
22:35 Husbandry
肥肠拌面
Aquillo
Lifehack
4:22 Loom
12:25 Feudal Age
13:21 Double-Bit Axe
14:00 Horse Collar
18:52 Scale Barding Armor
20:33 Scale Mail Armor
21:36 Forging
24:17 Wheelbarrow
chocksidewalk
6:46 Loom
9:36 Feudal Age
10:08 Feudal Age
11:45 Double-Bit Axe
11:59 Town Watch
11:58 Fishing Lines
16:17 Bloodlines
16:45 Forging
17:06 Scale Barding Armor
20:42 Castle Age
21:59 Bow Saw
21:29 Horse Collar
22:28 Chain Barding Armor
TradeMarkky
11:29 Feudal Age
9:51 Loom
13:05 Double-Bit Axe
18:23 Wheelbarrow
20:49 Horse Collar
Theothegoth
8:39 Loom
10:46 Feudal Age
11:33 Man-at-Arms
12:49 Forging
12:39 Scale Mail Armor
14:42 Arson
16:34 Wheelbarrow
20:27 Castle Age
19:45 Double-Bit Axe
19:42 Horse Collar
19:59 Gold Mining
23:06 Iron Casting
23:40 Chain Mail Armor
23:24 Pikeman
Fridge96
8:15 Loom
12:37 Feudal Age
18:18 Bloodlines
20:50 Castle Age
22:02 Castle Age
23:17 Double-Bit Axe
23:19 Horse Collar
25:05 Scale Mail Armor
Connection lost

Rejoining the realm…

Still unreachable

The connection could not be restored.

Session expired

The server has moved on; the page needs a fresh start.